AoeStats
← Foodude4

Oasis

509329950Analyzed
4v4 RM · 6d ago on Sep 26, 2026· 53m 46s· 8 players
Game mode
Random Map
Map size
Large (8 player)
Population
200
Speed
Normal
Resources
Standard
Victory
Conquest
Starting age
Dark Age
Ending age
Imperial Age
RankedLock teamsTeams togetherTeam positionsShared explorationLock speedFull tech treeHidden civsTurbo modeCheats
Victory
Defeat
1011
+17
🇨🇳 Mongols · China
1010
+17
🇨🇿 Ethiopians · Czechia
1006
+17
🇯🇵 Franks · Japan
966
+19
🇦🇺 Ethiopians · Australia
1088
-19
🇦🇺 Vietnamese · Australia
1077
-19
🇪🇸 Mongols · Spain
1040
-18
🇦🇺 Persians · Australia
934
-14
Teror
12:59 Feudal Age
13:58 Horse Collar
14:06 Double-Bit Axe
15:05 Stone Mining
15:08 Gold Mining
22:03 Castle Age
22:51 Crossbowman
25:10 Bow Saw
25:40 Gold Shaft Mining
27:20 Thumb Ring
27:10 Loom
28:01 Wheelbarrow
29:34 Fortified Wall
29:44 Padded Archer Armor
29:35 Fletching
30:20 Hand Cart
31:36 Ballistics
35:08 Imperial Age
33:45 Masonry
33:34 Bodkin Arrow
33:55 Leather Archer Armor
33:16 Elite Skirmisher
35:11 Murder Holes
35:16 Town Watch
35:53 Bracer
36:24 Ring Archer Armor
35:21 Arbalester
37:40 Two-Man Saw
36:50 Heavy Plow
38:26 Chemistry
kagemusha
4:25 Loom
11:50 Feudal Age
17:54 Castle Age
17:17 Double-Bit Axe
28:30 Wheelbarrow
30:39 Fletching
34:25 Scale Barding Armor
34:32 Forging
35:29 Chain Barding Armor
35:12 Husbandry
39:09 Imperial Age
37:00 Hand Cart
36:33 Town Watch
36:39 Town Watch
38:56 Coinage
38:33 Caravan
39:51 Cavalier
41:19 Plate Barding Armor
42:18 Iron Casting
42:18 Banking
41:45 Capped Ram
42:30 Paladin
43:07 Pikeman
43:48 Squires
43:35 Arson
45:13 Blast Furnace
45:08 Light Cavalry
_xy_2252
3:47 Loom
10:42 Feudal Age
12:03 Wheelbarrow
15:06 Castle Age
14:04 Double-Bit Axe
14:50 Horse Collar
26:09 Gold Mining
26:14 Stone Mining
27:55 Gold Shaft Mining
27:58 Stone Shaft Mining
33:19 Imperial Age
30:38 Town Watch
32:05 Hand Cart
31:54 Padded Archer Armor
31:46 Fletching
33:57 Leather Archer Armor
33:38 Bodkin Arrow
33:24 Heavy Scorpion
35:19 Drill
36:22 Caravan
37:02 Bracer
38:57 Chemistry
38:03 Siege Engineers
39:42 Scale Barding Armor
39:48 Forging
40:49 Elite Mangudai
42:27 Chain Barding Armor
42:43 Iron Casting
42:20 Bow Saw
42:12 Heavy Plow
43:50 Conscription
43:01 Onager
43:02 Capped Ram
45:44 Blast Furnace
45:07 Ballistics
44:58 Fortified Wall
44:59 Masonry
45:12 Siege Ram
45:34 Siege Onager
46:11 Light Cavalry
47:03 Bloodlines
46:55 Husbandry
46:57 Hussar
My credit card number: 465687642
11:48 Feudal Age
12:52 Double-Bit Axe
14:57 Horse Collar
18:37 Castle Age
16:45 Stone Mining
19:37 Heavy Plow
22:42 Wheelbarrow
25:25 Gold Mining
28:11 Szlachta Privileges
33:22 Imperial Age
31:04 Husbandry
31:42 Bloodlines
32:12 Scale Barding Armor
32:18 Forging
33:47 Chain Barding Armor
33:18 Town Watch
34:20 Hand Cart
37:28 Iron Casting
37:25 Conscription
39:34 Lechitic Legacy
39:10 Cavalier
40:28 Caravan
43:20 Blast Furnace
45:24 Crop Rotation
45:00 Scale Mail Armor
49:16 Town Patrol
49:41 Bow Saw
51:51 Stone Shaft Mining
El Jonan de Baraka
10:09 Feudal Age
12:06 Loom
17:57 Castle Age
16:15 Double-Bit Axe
16:30 Horse Collar
17:03 Gold Mining
19:09 Wheelbarrow
19:23 Bow Saw
19:29 Heavy Plow
22:44 Town Watch
23:02 Stone Mining
26:05 Stone Shaft Mining
27:19 Hand Cart
32:33 Imperial Age
31:00 Murder Holes
31:16 Masonry
33:10 Town Patrol
33:34 Ballistics
33:25 Fortified Wall
34:19 Chemistry
33:12 Fletching
33:23 Padded Archer Armor
33:36 Forging
33:32 Scale Barding Armor
33:28 Scale Mail Armor
34:08 Gold Shaft Mining
34:10 Conscription
34:24 Drill
33:31 Heavy Scorpion
34:12 Capped Ram
35:20 Caravan
35:21 Siege Ram
35:56 Onager
37:25 Siege Onager
45:04 Bloodlines
44:54 Husbandry
44:15 Light Cavalry
44:51 Hussar
45:58 Elite Steppe Lancer
47:58 Iron Casting
47:46 Chain Barding Armor
Foodude4
5:02 Loom
10:40 Feudal Age
14:39 Bloodlines
15:37 Forging
22:31 Castle Age
27:17 Husbandry
33:14 Horse Collar
33:24 Double-Bit Axe
35:51 Gold Mining
36:57 Wheelbarrow
36:45 Caravan
39:08 Hand Cart
39:28 Bow Saw
42:00 Imperial Age
42:06 Imperial Age
42:50 Heavy Camel Rider
43:43 Scale Barding Armor
44:14 Iron Casting
44:28 Gold Shaft Mining
45:06 Cavalier
51:57 Light Cavalry
Ackshun
0:34 Loom
11:39 Feudal Age
12:09 Horse Collar
12:16 Double-Bit Axe
19:58 Castle Age
18:40 Padded Archer Armor
18:57 Fletching
19:02 Gold Mining
19:03 Stone Mining
20:43 Wheelbarrow
20:33 Forging
21:04 Heavy Plow
21:16 Crossbowman
23:47 Hand Cart
23:51 Bow Saw
24:20 Leather Archer Armor
24:56 Bodkin Arrow
25:39 Thumb Ring
31:18 Ballistics
31:10 Fortified Wall
30:44 Treadmill Crane
33:18 Masonry
35:45 Imperial Age
35:05 Iron Casting
34:31 Scale Mail Armor
35:13 Town Watch
36:45 Caravan
37:09 Town Patrol
36:47 Arbalester
37:32 Bracer
38:36 Two-Man Saw
38:10 Crop Rotation
38:21 Paper Money
39:43 Chemistry
38:39 Murder Holes
38:43 Elite Skirmisher
40:26 Ring Archer Armor
40:12 Chain Mail Armor
40:02 Arson
40:18 Squires
39:41 Pikeman
41:03 Imperial Skirmisher
52:48 Halberdier
Kippa97
3:00 Loom
11:52 Feudal Age
12:52 Double-Bit Axe
14:35 Horse Collar
16:29 Fletching
21:44 Castle Age
20:42 Gold Mining
21:52 Crossbowman
22:31 Bodkin Arrow
22:36 Padded Archer Armor
24:09 Bow Saw
26:19 Stone Mining
30:53 Ballistics
32:10 Thumb Ring
34:57 Wheelbarrow
35:23 Heavy Plow
36:56 Hand Cart
43:35 Imperial Age
44:16 Bracer
44:35 Leather Archer Armor
45:22 Arbalester
47:31 Ring Archer Armor
49:00 Arbalester
54:03 Chemistry
Connection lost

Rejoining the realm…

Still unreachable

The connection could not be restored.

Session expired

The server has moved on; the page needs a fresh start.